 Crawl Stoat Soup version 0.23-ish-327-87-g3a41155e8f (console) character file.

480 damerell the Grave Robber (level 6, -5/56 HPs)
             Began as a Deep Dwarf Necromancer on Mar 30, 2024.
             Slain by a two-headed ogre
             ... wielding a +0 giant spiked club
              (30 damage)
             ... on level 4 of the Dungeon on Mar 31, 2024.
             The game lasted 00:21:26 (4380 turns).

damerell the Grave Robber (Deep Dwarf Necromancer)  Turns: 4380, Time: 00:21:27

Health: -5/56      AC:  4    Str: 12    XL:     6   Next: 86%
Magic:  9/9        EV: 12    Int: 17    God:
Gold:   228        SH:  0    Dex: 13    Spells: 3/11 levels left

rFire    . . .     SeeInvis .   D - +2 trident (freeze)
rCold    . . .     Gourm    .   (no shield)
rNeg     . . .     Faith    .   u - +0 robe {MR+}
rPois    .         Spirit   .   h - +2 hat
rElec    .         Warding  .   (no cloak)
rCorr    +         Reflect  .   (no gloves)
MR       +....     Harm     .   (no boots)
Stlth    ++........             (no amulet)
HPRegen  0.00/turn              z - ring of resist corrosion
MPRegen  0.11/turn              (no ring)

@: non-regenerating
A: damage resistance, heal wounds, sense surroundings 1, no regeneration
a: Heal Wounds


You were on level 4 of the Dungeon.
You were hungry.

You visited 1 branch of the dungeon, and saw 4 of its levels.
You also visited: Sewer.

You collected 228 gold pieces.

Inventory:

Hand Weapons
 a - a +0 hand axe
   (You found it on level 2 of the Dungeon)
 r - a +0 short sword
 D - a +2 trident of freezing (weapon)
   (You took it off an orc on level 4 of the Dungeon)
Missiles
 j - 71 stones (quivered)
 l - 46 poisoned darts
 y - 2 boomerangs
Armour
 h - a +2 hat (worn)
   (You found it on level 1 of the Dungeon)
 u - a +0 robe of magic resistance (worn)
   (You found it on level 2 of the Dungeon)
Jewellery
 z - a ring of resist corrosion (left hand)
   (You found it on level 3 of the Dungeon)
 C - an uncursed ring of ice
   (You found it on level 4 of the Dungeon)
Wands
 x - a wand of polymorph (11 charges)
 B - a wand of flame (9 charges)
Scrolls
 b - 2 scrolls of remove curse
 f - a scroll of immolation {unknown}
 i - 2 scrolls of fear
 n - a scroll of enchant armour {unknown}
 p - a scroll of magic mapping {unknown}
 q - a scroll of blinking {unknown}
 v - a scroll of teleportation {unknown}
 w - a scroll of amnesia
Potions
 c - 4 potions of flight
 g - 5 potions of curing
 k - a potion of ambrosia
 o - a potion of heal wounds
 s - a potion of lignification {unknown}
 A - a potion of resistance
Comestibles
 d - 3 bread rations
 e - 7 fruits
 t - a meat ration


   Skills:
 - Level 3.0 Fighting
 - Level 1.0 Short Blades
 - Level 2.6(2.9) Axes
 + Level 1.3(2.0) Polearms
 + Level 2.2 Dodging
 - Level 2.4 Stealth
 + Level 3.1 Spellcasting
 + Level 6.2 Necromancy


You had 3 spell levels left.
You knew the following spells:

 Your Spells              Type           Power        Failure   Level  Hunger
a - Necrotise             Necr           23/25        1%          1    None
b - Vampiric Draining     Necr           23/200       4%          3    ###....
c - Animate Dead          Necr           N/A          13%         4    ####...

Your spell library contained the following spells:

 Spells                   Type           Power        Failure   Level  Hunger
 Regeneration             Chrm/Necr      Unusable     N/A         4    N/A

Dungeon Overview and Level Annotations

Branches:
Dungeon (4/15)
 Temple: D:4-7

Altars:
Ashenzari
Okawaru
Yredelemnul


Innate Abilities, Weirdness & Mutations

You are resistant to damage.
You can heal yourself by infusing magical energy.
You passively map a small area around you.
You do not regenerate.


Message History

The bullfrog skeleton is almost destroyed.
The bullfrog skeleton misses you.
Your orc skeleton barely misses the bullfrog skeleton.
Your scorpion zombie hits the bullfrog skeleton.
You puncture the bullfrog skeleton!
You destroy the bullfrog skeleton!
Your Fighting skill increases to level 3!
j - 48 stones (gained 1) All of the chunks of flesh in your inventory have rotted away.
Your orc skeleton crumbles into dust!
An orc comes into view. It is wielding a whip.
The orc moves out of view.
The orc shouts!
Throwing (i - inventory) (/) - cycle)
j - 48 stones (quivered)
Press: ? - help, Shift-Dir - straight line, f - orc
Aim: an orc, wielding a whip and wearing a leather armour You throw a stone.
The stone barely misses the orc.
Casting: Animate Dead (safe; 13% risk of failure)
Confirm with . or Enter, or press ? or * to list all spells.
Aiming: Vampiric Draining (safe; 4% risk of failure)
Press: ? - help, Shift-Dir - straight line, f/p - orc
Aim: an orc, wielding a whip and wearing a leather armour You kill the orc!
You feel life coursing into your body.
Things that are here:
a whip; a leather armour You are feeling hungry.
Found an iron altar of Okawaru.
Unknown command.
A - a coppery potion Your scorpion zombie crumbles into dust!
E - a scroll of identify
As you read the scroll of identify, it crumbles to dust.
A - a potion of resistance
j - 71 stones (gained 24)
Okay, then.
Unknown command.
Put on which piece of jewellery? (? for menu, Esc to quit)
You feel more attuned to ice.
C - a ring of ice (right hand) Remove which piece of jewellery? (? for menu, Esc to quit)
You remove your ring of ice.
You open the door.
There is an open door here.
A two-headed ogre comes into view. It is wielding two giant spiked clubs.
The two-headed ogre shouts in stereo!
There is an open door here.
Unknown command.
Evoke which item? (* to show all) (? for menu, Esc to quit)
Aiming: Corrosive Bolt (will waste charges)
Press: ? - help, Shift-Dir - straight line, f - two-headed ogre
Aim: a two-headed ogre, wielding two giant spiked clubs The bolt of acid hits the two-headed ogre.
The two-headed ogre is splashed with acid.
The two-headed ogre is moderately wounded.
Evoking this partially-identified wand wasted a few charges.
Evoke which item? (* to show all) (? for menu, Esc to quit)
Aiming: Corrosive Bolt (will waste charges)
Press: ? - help, Shift-Dir - straight line, f/p - two-headed ogre
Aim: a two-headed ogre, wielding two giant spiked clubs (moderately wounded)
The bolt of acid hits the two-headed ogre.
The two-headed ogre is splashed with acid.
The acid corrodes the two-headed ogre!
The two-headed ogre is heavily wounded.
This wand is now empty; it crumbles to dust.
Casting: Vampiric Draining (safe; 4% risk of failure)
Confirm with . or Enter, or press ? or * to list all spells.
Aiming: Necrotise (safe; 1% risk of failure)
Press: ? - help, Shift-Dir - straight line, f/p - two-headed ogre
Aim: a two-headed ogre, wielding two giant spiked clubs (heavily wounded, covered in acid, chance to defeat MR: 69%)
The two-headed ogre struggles to resist.
You fail to use your ability.
You fail to use your ability.
The two-headed ogre barely misses you. x2
Your magical essence is drained by the effort!
You feel much better.
The two-headed ogre hits you with a giant spiked club!
The two-headed ogre hits you with a giant spiked club!!
The orc wizard shouts!
The orc wizard hits you with a dagger.
The orc wizard gestures at you while chanting.
The puff of flame hits you!
You feel much better.
The two-headed ogre is no longer covered in acid.
The two-headed ogre hits you with a giant spiked club!
The two-headed ogre barely misses you.
Evoke which item? (* to show all) (? for menu, Esc to quit)
Aiming: Polymorph (will waste charges)
Press: ? - help, Shift-Dir - straight line, f/p - two-headed ogre
Aim: a two-headed ogre, wielding two giant spiked clubs (moderately wounded, chance to defeat MR: 28%)
Okay, then.
The orc wizard mumbles some strange words.
The orc wizard flickers and vanishes!
Deactivating autopickup; reactivate with Ctrl-A.
The two-headed ogre closely misses you.
The two-headed ogre hits you with a giant spiked club!!
Ouch! That really hurt!
You die...

##.......†..###.## #.####
#..#.......## #@.# #....###
##..###....## ##O## ###.......
#..## ##..## #..#####.........
..## ##.## ##..##..{........ ..##
#..# #.....###......#
#..#######.# ##..### #..##...
#..........## ###..## ##.#....
#..#........####....# ###......
#.###....##.........# ##........
#.....#####....####.####.........
)....## ##...## #..##..........
.....## #....# ##.##..........
......####....## #.............
...............# #.............
..####.........#####...).........
..## ###..............#..........


You could see a two-headed ogre.

Vanquished Creatures
  An ogre (D:3)
  A big kobold (Sewer)
  2 scorpions (D:4)
  A centaur skeleton (D:4)
  A bullfrog skeleton (D:4)
  An orc wizard (D:4)
  An iguana (D:4)
  5 adders
  A river rat (D:4)
  3 worms (D:4)
  2 leopard geckos (D:4)
  6 orcs
  5 giant cockroaches
  4 goblins
  5 hobgoblins
  3 jackals
  8 kobolds
  2 weasels
  A ball python (D:3)
  9 bats
  3 frilled lizards
  10 rats
75 creatures vanquished.

Vanquished Creatures (collateral kills)
  A dart slug (D:1)
  A ball python (D:1)
  2 bats (D:1)
  A rat (D:1)
5 creatures vanquished.

Grand Total: 80 creatures vanquished

Notes
Turn   | Place    | Note
-------+----------+-------------------------------------------
     0 | D:1      | damerell the Deep Dwarf Necromancer began the quest for the
                  | Orb.
     0 | D:1      | Reached XP level 1. HP: 15/15 MP: 3/3
   129 | D:1      | Reached XP level 2. HP: 24/24 MP: 0/4
  1077 | D:2      | Reached skill level 1 in Fighting
  1259 | D:2      | Reached skill level 1 in Short Blades
  1333 | D:2      | Reached XP level 3. HP: 31/31 MP: 1/6
  1847 | D:3      | Noticed an ogre
  1880 | D:3      | Killed an ogre
  1880 | D:3      | Reached skill level 1 in Axes
  1880 | D:3      | Reached skill level 5 in Necromancy
  1880 | D:3      | Reached XP level 4. HP: 39/39 MP: 1/7
  2016 | D:3      | Found a basalt altar of Yredelemnul.
  2339 | D:3      | Learned a level 3 spell: Vampiric Draining
  2517 | D:3      | Reached XP level 5. HP: 24/45 MP: 3/9
  2921 | D:3      | Found a shattered altar of Ashenzari.
  3551 | D:4      | Reached XP level 6. HP: 41/55 MP: 3/10
  3586 | D:4      | Found a glowing drain.
  3590 | Sewer    | Entered a sewer
  3835 | Sewer    | Found a white marble altar of Elyvilon.
  3990 | D:4      | Reached skill level 1 in Polearms
  3990 | D:4      | Reached skill level 6 in Necromancy
  3996 | D:4      | Learned a level 4 spell: Animate Dead
  4299 | D:4      | Found an iron altar of Okawaru.
  4336 | D:4      | Noticed a two-headed ogre
  4362 | D:4      | HP: 18/56 [orc wizard/puff of flame (3)]
  4380 | D:4      | Slain by a two-headed ogre

Vault maps used:
D:1:      scummos_arrival_gate, amethyst_killhole
D:2:      eino_tiny_chamber
D:3:      marbit_many_paths, yredelemnul_altar_generic
D:4:      minmay_razor_zed, lemuel_crystal_altar, first_bread,
          gup_sewer_entry_spiral
Sewer:    sewer_kobolds

Skill      XL: |  1  2  3  4  5  6 |
---------------+-------------------+-----
Spellcasting   | 2 3 |  3.1
Fighting       | 1 2 3 |  3.0
Short Blades   | 1 |  1.0
Axes           | 1 2 |  2.6
Necromancy     | 5 6 |  6.2
Polearms       | 1 |  1.3
Dodging        | |  2.2
Stealth        | |  2.4

Action                   |  1- 3 |  4- 6 || total
-------------------------+-------+-------++-------
Melee: Short sword       |    14 |       ||    14
       Hand axe          |       |    16 ||    16
       Trident           |       |    28 ||    28
Throw: Stone             |     9 |    33 ||    42
 Cast: Necrotise         |    60 |    90 ||   150
       Vampiric Draining |       |    11 ||    11
       Animate Dead      |       |     1 ||     1
 Abil: Heal Wounds       |     1 |     1 ||     2
Evoke: Wand              |       |     4 ||     4
  Use: Scroll            |     4 |     5 ||     9
       Potion            |       |     2 ||     2
  Eat: Chunk             |     4 |     8 ||    12
       Fruit             |       |     1 ||     1
Armor: Robe              |     5 |     8 ||    13
Dodge: Dodged            |    21 |    38 ||    59

Table legend:
 A = Spawn XP
 B = Non-spawn XP
 C = Spawn XP percentage of total XP
 D = Spawn monster count
 E = Non-spawn monster count
 F = Spawn count percentage of total count
 G = Total turns spent on level
                    A         B        C        D         E        F      G
               +---------+---------+-------+---------+---------+-------+---------
         Total |      20 |     666 |   2.9 |       9 |      71 |  11.2 |  4380
               +---------+---------+-------+---------+---------+-------+---------
           D:1 |       0 |      31 |   0.0 |       0 |      19 |   0.0 |   921
           D:2 |       6 |      27 |  18.2 |       3 |      10 |  23.1 |   926
           D:3 |      11 |     156 |   6.6 |       5 |      16 |  23.8 |  1294
           D:4 |       3 |     346 |   0.9 |       1 |      17 |   5.6 |   933
         Sewer |       0 |     106 |   0.0 |       0 |       9 |   0.0 |   306
               +---------+---------+-------+---------+---------+-------+---------
